 Dungeon Crawl Stone Soup version 0.21-a0-529-g8c7b3f5 (webtiles) character file.

120 slep the Chopper (level 4, -10/33 HPs)
             Began as a Demonspawn Gladiator on Dec 10, 2017.
             Mangled by an iguana (12 damage)
             ... on level 4 of the Dungeon.
             The game lasted 00:06:12 (2103 turns).

slep the Chopper (Demonspawn Gladiator)             Turns: 2103, Time: 00:06:13

Health: -10/33     AC:  3    Str: 15    XL:     4   Next: 75%
Magic:  4/4        EV: 13    Int: 10    God:
Gold:   140        SH:  0    Dex: 14    Spells: 3/3 levels left

rFire    . . .     SeeInvis .   a - +0 war axe
rCold    . . .     Gourm    .   (no shield)
rNeg     . . .     Faith    .   b - +0 leather armour
rPois    .         Spirit   .   (helmet restricted)
rElec    .         Reflect  .   (no cloak)
rCorr    .         Harm     .   (no gloves)
MR       .....                  (no boots)
Stlth    +.........             (no amulet)
HPRegen  0.11/turn              (no ring)
MPRegen  0.09/turn              (no ring)

@: no status effects
A: antennae 1, powered by death 1, powered by pain 1
a: no special abilities


You were on level 4 of the Dungeon.
You were not hungry.

You visited 1 branch of the dungeon, and saw 4 of its levels.

You collected 140 gold pieces.

Inventory:

Hand Weapons
 a - a +0 war axe (weapon)
 u - a +0 blowgun
Missiles
 d - 3 throwing nets (quivered)
 v - 5 poisoned needles
Armour
 b - a +0 leather armour (worn)
 c - a +0 helmet
Jewellery
 r - an uncursed amulet of faith {unknown}
Scrolls
 j - 2 scrolls of enchant armour {unknown}
 n - 7 scrolls of identify {unknown}
 o - 3 scrolls of teleportation {unknown}
 p - 3 scrolls of remove curse {unknown}
 q - 2 scrolls of noise {unknown}
 w - 3 scrolls of fog {unknown}
 x - a scroll of amnesia {unknown}
Potions
 e - 2 potions of degeneration {unknown}
 i - a potion of heal wounds {unknown}
 k - a potion of lignification {unknown}
 m - a potion of might {unknown}
 s - 4 potions of curing {unknown}
 t - a potion of agility {unknown}
Comestibles
 f - 3 bread rations
 g - 3 meat rations
 h - 5 fruits
 l - 4 royal jellies
 z - 4 chunks of flesh


   Skills:
 + Level 2.3 Fighting
 + Level 4.1 Axes
 + Level 1.7 Throwing
 + Level 1.2 Armour
 + Level 3.2 Dodging
 + Level 0.6 Stealth


You had 3 spell levels left.
You didn't know any spells.

Dungeon Overview and Level Annotations

Branches:
Dungeon (4/15)
 Temple: D:4-7

Altars:
Dithmenos
Elyvilon
Nemelex Xobeh
Qazlal
Sif Muna


Innate Abilities, Weirdness & Mutations

You have a pair of small antennae on your head.
You regenerate a little health from kills.
You sometimes gain a little power by taking damage.


Message History

The iguana bites you!
You hit the iguana but do no damage.
The iguana is severely wounded.
The iguana bites you! The iguana closely misses you.
You barely miss the iguana.
The iguana is severely wounded.
The iguana bites you!
* * * LOW HITPOINT WARNING * * *
You completely miss the iguana.
The iguana is severely wounded.
The iguana closely misses you.
You closely miss the iguana.
The iguana is severely wounded.
The iguana barely misses you.
You hit the iguana.
The iguana is severely wounded.
The iguana bites you.
* * * LOW HITPOINT WARNING * * *
The iguana bites you!
You die...

#...........#...#
#.........#....###..
#...................
#.........#...###.
#...........#..#
##.......#####..#
#.........# #...#
#.........# ..##
#..?.@....# .#
#...?.l...# .#
#.........# #
##.......##
##.....## #######


You could see an iguana.

Vanquished Creatures
  5 adders
  An ooze (D:2)
  A worm (D:2)
  A dart slug (D:2)
  8 orcs (D:3)
  A giant cockroach (D:3)
  5 goblins
  5 hobgoblins
  12 kobolds
  A quokka (D:4)
  8 bats
  6 frilled lizards
  6 rats
60 creatures vanquished.

Notes
Turn   | Place    | Note
-------+----------+-------------------------------------------
     0 | D:1      | slep the Demonspawn Gladiator began the quest for the Orb.
     0 | D:1      | Reached XP level 1. HP: 16/16 MP: 1/1
   160 | D:1      | Reached skill level 3 in Axes
   204 | D:1      | Gained mutation: You have a pair of small antennae on your head. [demonic ancestry]
   204 | D:1      | Reached XP level 2. HP: 21/22 MP: 2/2
   792 | D:2      | Found a shadowy altar of Dithmenos.
   896 | D:2      | Found a deep blue altar of Sif Muna.
   942 | D:2      | Found a stormy altar of Qazlal.
   944 | D:2      | Noticed a water elemental
   945 | D:2      | Noticed a fire elemental
   945 | D:2      | Noticed an earth elemental
   945 | D:2      | Noticed an air elemental
   961 | D:2      | Found a sparkling altar of Nemelex Xobeh.
   979 | D:2      | Gained mutation: You regenerate a little health from kills. [demonic ancestry]
   979 | D:2      | Reached XP level 3. HP: 22/27 MP: 3/3
  1371 | D:2      | Found a white marble altar of Elyvilon.
  1436 | D:3      | Reached skill level 1 in Armour
  1436 | D:3      | Gained mutation: You sometimes gain a little power by taking damage. [demonic ancestry]
  1436 | D:3      | Reached XP level 4. HP: 10/33 MP: 4/4
  1795 | D:3      | Reached skill level 4 in Axes
  2103 | D:4      | Mangled by an iguana

Vault maps used:
D:1:      lemuel_arrival_cross
D:2:      lemuel_upstairs_altar, nicolae_dithmenos_through_a_glass_darkly,
          nicolae_qazlal_style_of_elements, led_sif_pool,
          nicolae_overflow_crystal_walls, first_bread

Skill      XL: |  1  2  3  4 |
---------------+-------------+-----
Axes           | 3 4 |  4.1
Dodging        | 3 |  3.2
Armour         | 1 |  1.2
Fighting       | |  2.3
Throwing       | |  1.7
Stealth        | |  0.6

Action                   |  1- 3 |  4- 6 || total
-------------------------+-------+-------++-------
Melee: War axe           |   107 |    53 ||   160
 Stab: Sleeping          |     4 |       ||     4
  Eat: Chunk             |     2 |     2 ||     4
Armor: Leather armour    |    33 |     5 ||    38
Dodge: Dodged            |    99 |    42 ||   141

Table legend:
 A = Spawn XP
 B = Non-spawn XP
 C = Spawn XP percentage of total XP
 D = Spawn monster count
 E = Non-spawn monster count
 F = Spawn count percentage of total count
 G = Total turns spent on level
                    A         B        C        D         E        F      G
               +---------+---------+-------+---------+---------+-------+---------
         Total |       0 |     172 |   0.0 |       0 |      60 |   0.0 |  2103
               +---------+---------+-------+---------+---------+-------+---------
           D:1 |       0 |      20 |   0.0 |       0 |      14 |   0.0 |   674
           D:2 |       0 |      63 |   0.0 |       0 |      16 |   0.0 |   664
           D:3 |       0 |      87 |   0.0 |       0 |      29 |   0.0 |   715
           D:4 |       0 |       2 |   0.0 |       0 |       1 |   0.0 |    50
               +---------+---------+-------+---------+---------+-------+---------
